PCL
CALGARY COWBOYS @ GRESHAM GOLD SOULS
07/04/2024
 
TOP OF THE 1ST
Calgary Cowboys batting - Pitching for Gresham Gold Souls : RHP Arturo Martínez
Pitching: RHP Arturo Martínez
Batting: RHB Clark Hodge 0-0: Ball
1-0: Ground out 4-3 (Groundball, 4)
Batting: RHB Mike Wilcox 0-0: Called Strike
0-1: Ball
1-1: Swinging Strike
1-2: Fly out, F8 (Line Drive, 8LS)
Batting: RHB Dan Wyatt 0-0: Swinging Strike
0-1: Ball
1-1: Ball
2-1: Ball
3-1: Foul Ball, location: 2F
3-2: DOUBLE (Groundball, 5L)
Batting: RHB Cristián Peña 0-0: Ball
1-0: SINGLE (Line Drive, 3D)
Dan Wyatt to third
Runner from 3rd tries for Home, SAFE, no throw or cutoff
Batting: RHB Ramón Martínez 0-0: Called Strike
0-1: Ball
1-1: Ball
2-1: Ball
3-1: Called Strike
3-2: Base on Balls
Cristián Peña to second
Batting: RHB Derek Carr 0-0: Ball
1-0: Foul Ball, location: 2F
1-1: Ball
2-1: Fielders Choice at 2nd, 6-4 (Groundball, 6)
Top of the 1st over - 1 run(s), 2 hit(s), 0 error(s), 1 left on base; Calgary 1 - Gresham 0
BOTTOM OF THE 1ST
Gresham Gold Souls batting - Pitching for Calgary Cowboys : RHP Eric Bell
Pitching: RHP Eric Bell
Batting: RHB Jeff Thompson 0-0: Ball
1-0: Fly out, F8 (Flyball, 78D)
Batting: LHB Salvador Ruíz 0-0: Ball
1-0: Foul Ball, location: 2F
1-1: Ball
2-1: Foul Ball, location: 2F
2-2: Ball
3-2: Foul Ball, location: 2F
3-2: Strikes out looking
Batting: RHB Lorenzo Morín 0-0: Ball
1-0: Foul Ball, location: 2F
1-1: Ball
2-1: Swinging Strike
2-2: SOLO HOME RUN (Flyball, 78XD), Distance : 392 ft
Batting: RHB Lorenzo Guzmán 0-0: Called Strike
0-1: Called Strike
0-2: Strikes out looking
Bottom of the 1st over - 1 run(s), 1 hit(s), 0 error(s), 0 left on base; Calgary 1 - Gresham 1
TOP OF THE 2ND
Calgary Cowboys batting - Pitching for Gresham Gold Souls : RHP Arturo Martínez
Batting: LHB Freddy Herrera 0-0: Ground out 4-3 (Groundball, 4)
Batting: RHB Jesús Hernández 0-0: Ball
1-0: Ball
2-0: Foul Ball, location: 2F
2-1: Foul Ball, location: 2F
2-2: Ball
3-2: Ground out 4-3 (Groundball, 34)
Batting: RHB Tom Yarbrough 0-0: Called Strike
0-1: Called Strike
0-2: Strikes out swinging
Top of the 2nd over - 0 run(s), 0 hit(s), 0 error(s), 0 left on base; Calgary 1 - Gresham 1
BOTTOM OF THE 2ND
Gresham Gold Souls batting - Pitching for Calgary Cowboys : RHP Eric Bell
Batting: RHB Claudio Guerra 0-0: Ball
1-0: SOLO HOME RUN (Flyball, 78XD), Distance : 402 ft
Batting: RHB Pablo Lucero 0-0: Ball
1-0: Fly out, F7 (Flyball, 78M)
Batting: SHB Ryu Kichida 0-0: Swinging Strike
0-1: Swinging Strike
0-2: Ball
1-2: Foul Ball, location: 2F
1-2: Ball
2-2: Ball
3-2: Base on Balls
Batting: RHB Pablo Castillo 0-0: Ball
1-0: Ball
2-0: Called Strike
2-1: Ball
3-1: Base on Balls
Ryu Kichida to second
Batting: SHB Vicente Martínez 0-0: Ball
1-0: Ball
2-0: Foul Ball, location: 2F
2-1: Foul Ball, location: 2F
2-2: Ball
3-2: Foul Ball, location: 2F
3-2: Strikes out swinging
Batting: RHB Jeff Thompson 0-0: Called Strike
0-1: Ball
1-1: Ball
2-1: Fly out, F9 (Line Drive, 89M)
Bottom of the 2nd over - 1 run(s), 1 hit(s), 0 error(s), 2 left on base; Calgary 1 - Gresham 2
TOP OF THE 3RD
Calgary Cowboys batting - Pitching for Gresham Gold Souls : RHP Arturo Martínez
Batting: RHB Clark Hodge 0-0: Foul Ball, location: 2F
0-1: Ball
1-1: Ball
2-1: DOUBLE (Line Drive, 8RXD)
Batting: RHB Mike Wilcox 0-0: Ground out 5-3 (Groundball, 56)
Batting: RHB Dan Wyatt 0-0: Ground out 1-3 (Groundball, 23)
Clark Hodge to third
Batting: RHB Cristián Peña 0-0: Ball
1-0: Ball
Wild Pitch!
Clark Hodge scores
2-0: Ball
3-0: Called Strike
3-1: Base on Balls
Batting: RHB Ramón Martínez 0-0: Ball
1-0: SINGLE (Line Drive, 7LS)
Cristián Peña to second
Batting: RHB Derek Carr 0-0: Called Strike
0-1: Foul Ball, location: 2F
0-2: Fly out, F3 (Popup, 3)
Top of the 3rd over - 1 run(s), 2 hit(s), 0 error(s), 2 left on base; Calgary 2 - Gresham 2
BOTTOM OF THE 3RD
Gresham Gold Souls batting - Pitching for Calgary Cowboys : RHP Eric Bell
Batting: LHB Salvador Ruíz 0-0: Ball
1-0: Ball
2-0: SINGLE (Line Drive, 34D)
Batting: RHB Lorenzo Morín 0-0: Called Strike
0-1: Called Strike
0-2: Foul Ball, location: 2F
0-2: SINGLE (Line Drive, 56D)
Salvador Ruíz to second
Batting: RHB Lorenzo Guzmán 0-0: Called Strike
0-1: SINGLE (Line Drive, 89S)
Salvador Ruíz to third
Lorenzo Morín to second
Batting: RHB Claudio Guerra 0-0: Grounds into double play, 6-4-3 (Groundball, 6)
Salvador Ruíz scores
Lorenzo Morín to third
Batting: RHB Pablo Lucero 0-0: Foul Ball, location: 2F
0-1: Ball
1-1: Called Strike
1-2: Foul Ball, location: 2F
1-2: 2-RUN HOME RUN (Flyball, 9D), Distance : 391 ft
Batting: SHB Ryu Kichida 0-0: Foul Ball, location: 2F
0-1: Ground out U3 (Groundball, 3L)
Bottom of the 3rd over - 3 run(s), 4 hit(s), 0 error(s), 0 left on base; Calgary 2 - Gresham 5
TOP OF THE 4TH
Calgary Cowboys batting - Pitching for Gresham Gold Souls : RHP Arturo Martínez
Batting: LHB Freddy Herrera 0-0: Called Strike
0-1: Ball
1-1: Ball
2-1: SINGLE (Line Drive, 34D)
Batting: RHB Jesús Hernández 0-0: Called Strike
0-1: Called Strike
0-2: Ball
1-2: Strikes out swinging
Batting: RHB Tom Yarbrough 0-0: Called Strike
0-1: Called Strike
0-2: Foul Ball, location: 2F
0-2: Ball
1-2: Ball
2-2: Ball
3-2: Base on Balls
Freddy Herrera to second
Batting: RHB Clark Hodge 0-0: Ball
1-0: Ball
2-0: Called Strike
2-1: SINGLE (Line Drive, 6MD)
Freddy Herrera to third
Tom Yarbrough to second
Batting: RHB Mike Wilcox 0-0: Called Strike
0-1: Ball
1-1: Fly out, F9 (Flyball, 9D)
Runner from 3rd tags up, SCORES, no throw
Batting: RHB Dan Wyatt 0-0: Called Strike
0-1: Called Strike
0-2: Ball
1-2: 3-RUN HOME RUN (Flyball, 7D), Distance : 376 ft
Batting: RHB Cristián Peña 0-0: Ball
1-0: Foul Ball, location: 2F
1-1: Ball
2-1: Foul Ball, location: 2F
2-2: SINGLE (Line Drive, 5D)
Batting: RHB Ramón Martínez 0-0: Swinging Strike
0-1: Ground out 5-3 (Groundball, 6)
Top of the 4th over - 4 run(s), 4 hit(s), 0 error(s), 1 left on base; Calgary 6 - Gresham 5
BOTTOM OF THE 4TH
Gresham Gold Souls batting - Pitching for Calgary Cowboys : RHP Eric Bell
Batting: RHB Pablo Castillo 0-0: Called Strike
0-1: SINGLE (Groundball, 34)
Batting: SHB Vicente Martínez 0-0: Swinging Strike
0-1: Ball
1-1: Called Strike
1-2: Fly out, F9 (Line Drive, 9LM)
Batting: RHB Jeff Thompson 0-0: Called Strike
0-1: Ball
1-1: Called Strike
1-2: Foul Ball, location: 2F
1-2: Foul Ball, location: 2F
1-2: Ball
2-2: Grounds into double play, 1-6-3 (Groundball, 13S)
Bottom of the 4th over - 0 run(s), 1 hit(s), 0 error(s), 0 left on base; Calgary 6 - Gresham 5
TOP OF THE 5TH
Calgary Cowboys batting - Pitching for Gresham Gold Souls : RHP Arturo Martínez
Batting: RHB Derek Carr 0-0: Ball
1-0: Fly out, F4 (Popup, 34)
Batting: LHB Freddy Herrera 0-0: Called Strike
0-1: Ground out 3-1 (Groundball, 34)
Batting: RHB Jesús Hernández 0-0: Ball
1-0: Foul Ball, location: 2F
1-1: Called Strike
1-2: Strikes out swinging
Top of the 5th over - 0 run(s), 0 hit(s), 0 error(s), 0 left on base; Calgary 6 - Gresham 5
BOTTOM OF THE 5TH
Gresham Gold Souls batting - Pitching for Calgary Cowboys : RHP Eric Bell
Batting: LHB Salvador Ruíz 0-0: Called Strike
0-1: Ball
1-1: Foul Ball, location: 2F
1-2: Fly out, F7 (Flyball, 7D)
Batting: RHB Lorenzo Morín 0-0: Called Strike
0-1: Fly out, F1 (Popup, 13S)
Batting: RHB Lorenzo Guzmán 0-0: Ball
1-0: Swinging Strike
1-1: SINGLE (Groundball, 34D)
Batting: RHB Claudio Guerra 0-0: Called Strike
0-1: Foul Ball, location: 2F
0-2: Ball
1-2: Ball
Lorenzo Guzmán steals 2nd base
2-2: Ball
3-2: Foul Ball, location: 2F
3-2: SINGLE (Line Drive, 89S)
Lorenzo Guzmán to third
Lorenzo Guzmán scores
Batting: RHB Pablo Lucero 0-0: Called Strike
0-1: Ball
1-1: Swinging Strike
1-2: Ball
2-2: Foul Ball, location: 2F
2-2: Strikes out swinging
Bottom of the 5th over - 1 run(s), 2 hit(s), 0 error(s), 1 left on base; Calgary 6 - Gresham 6
TOP OF THE 6TH
Calgary Cowboys batting - Pitching for Gresham Gold Souls : RHP Arturo Martínez
Batting: RHB Tom Yarbrough 0-0: Called Strike
0-1: Fly out, F9 (Flyball, 9M)
Batting: RHB Clark Hodge 0-0: Called Strike
0-1: Ball
1-1: Ball
2-1: DOUBLE (Flyball, 89M)
Pitching: RHP Chris Sullivan
Batting: RHB Mike Wilcox 0-0: Ball
1-0: Ball
2-0: Ball
3-0: Base on Balls
Batting: RHB Dan Wyatt 0-0: Called Strike
Clark Hodge steals 3rd base
Mike Wilcox to second
0-1: Ball
1-1: Swinging Strike
1-2: Foul Ball, location: 2F
1-2: Ball
2-2: Ball
3-2: Base on Balls
Batting: RHB Cristián Peña 0-0: Ball
1-0: Ball
2-0: Called Strike
2-1: Foul Ball, location: 2F
2-2: Fly out, F8 (Flyball, 8LXD)
Runner from 3rd tags up, SCORES, no throw
Mike Wilcox to third
Batting: RHB Ramón Martínez 0-0: Called Strike
0-1: Called Strike
0-2: Ball
1-2: Ball
2-2: Foul Ball, location: 2F
2-2: Strikes out swinging
Top of the 6th over - 1 run(s), 1 hit(s), 0 error(s), 2 left on base; Calgary 7 - Gresham 6
BOTTOM OF THE 6TH
Gresham Gold Souls batting - Pitching for Calgary Cowboys : RHP Eric Bell
Pitching: RHP Richard Boyd
Batting: SHB Ryu Kichida 0-0: Ball
1-0: Called Strike
1-1: Swinging Strike
1-2: Ball
2-2: Ball
3-2: Base on Balls
Batting: RHB Pablo Castillo 0-0: Fly out, F6 (Popup, 6D)
Batting: SHB Vicente Martínez 0-0: Ball
1-0: Ball
2-0: Ball
3-0: Called Strike
3-1: Fly out, F8 (Flyball, 8LXD)
Batting: RHB Jeff Thompson 0-0: Ball
1-0: Ball
2-0: Ball
3-0: Base on Balls
Ryu Kichida to second
Batting: LHB Salvador Ruíz 0-0: Called Strike
0-1: Ball
1-1: Ball
2-1: SINGLE (Groundball, 13) (infield hit)
Ryu Kichida to third
Jeff Thompson to second
Batting: RHB Lorenzo Morín 0-0: Ball
1-0: Ball
2-0: Ball
3-0: Base on Balls
Ryu Kichida scores
Jeff Thompson to third
Salvador Ruíz to second
Batting: RHB Lorenzo Guzmán 0-0: Ball
1-0: DOUBLE (Groundball, 3L)
Jeff Thompson scores
Salvador Ruíz scores
Lorenzo Morín to third
Pitching: LHP Mario Rosário
Batting: RHB Claudio Guerra 0-0: Ball
1-0: Called Strike
1-1: Foul Ball, location: 2F
1-2: DOUBLE (Line Drive, 7LS)
Lorenzo Morín scores
Lorenzo Guzmán scores
Batting: RHB Pablo Lucero 0-0: Called Strike
0-1: Ball
1-1: Ball
2-1: Ball
3-1: Base on Balls
Batting: SHB Ryu Kichida 0-0: Swinging Strike
0-1: Foul Ball, location: 2F
0-2: Strikes out swinging
Bottom of the 6th over - 5 run(s), 3 hit(s), 0 error(s), 2 left on base; Calgary 7 - Gresham 11
TOP OF THE 7TH
Calgary Cowboys batting - Pitching for Gresham Gold Souls : RHP Chris Sullivan
Batting: RHB Derek Carr 0-0: Called Strike
0-1: Foul Ball, location: 2F
0-2: Strikes out swinging
Batting: LHB Freddy Herrera 0-0: Ball
1-0: Ball
2-0: Called Strike
2-1: Swinging Strike
2-2: Strikes out swinging
Batting: RHB Jesús Hernández 0-0: Bunt for hit - play at first, batter OUT! 1-3
Top of the 7th over - 0 run(s), 0 hit(s), 0 error(s), 0 left on base; Calgary 7 - Gresham 11
BOTTOM OF THE 7TH
Gresham Gold Souls batting - Pitching for Calgary Cowboys : LHP Mario Rosário
Batting: RHB Pablo Castillo 0-0: Ball
1-0: Ball
2-0: Foul Ball, location: 2F
2-1: Swinging Strike
2-2: SINGLE (Line Drive, 56D)
Batting: SHB Vicente Martínez 0-0: Swinging Strike
0-1: Ball
1-1: Swinging Strike
1-2: Strikes out swinging
Batting: RHB Jeff Thompson 0-0: Ball
1-0: Called Strike
1-1: Called Strike
1-2: Foul Ball, location: 2F
1-2: Strikes out swinging
Batting: LHB Salvador Ruíz 0-0: Called Strike
0-1: Swinging Strike
0-2: Strikes out swinging
Bottom of the 7th over - 0 run(s), 1 hit(s), 0 error(s), 1 left on base; Calgary 7 - Gresham 11
TOP OF THE 8TH
Calgary Cowboys batting - Pitching for Gresham Gold Souls : RHP Chris Sullivan
Batting: RHB Tom Yarbrough 0-0: Called Strike
0-1: Ball
Reached via error on a dropped throw, E3
Batting: RHB Clark Hodge 0-0: Called Strike
0-1: Called Strike
0-2: Strikes out swinging
Pitching: RHP Carlos Hendrix
Batting: RHB Mike Wilcox 0-0: Ball
1-0: Foul Ball, location: 2F
1-1: Ball
2-1: Ball
3-1: Foul Ball, location: 2F
3-2: Base on Balls
Tom Yarbrough to second
Pitching: RHP Jorge Oliva
Batting: RHB Dan Wyatt 0-0: Called Strike
0-1: Ball
1-1: Ball
2-1: Foul Ball, location: 2F
2-2: Ball
3-2: Base on Balls
Tom Yarbrough to third
Mike Wilcox to second
Batting: RHB Cristián Peña 0-0: Ball
1-0: Ball
2-0: Called Strike
2-1: Ball
3-1: Base on Balls
Tom Yarbrough scores
Mike Wilcox to third
Dan Wyatt to second
Batting: RHB Ramón Martínez 0-0: Called Strike
0-1: Ball
1-1: Ball
2-1: Swinging Strike
2-2: Strikes out swinging
Pinch Hitting: RHB Shayne Burry 0-0: Called Strike
0-1: Ball
1-1: Fly out, F3 (Popup, 23)
Top of the 8th over - 1 run(s), 0 hit(s), 1 error(s), 3 left on base; Calgary 8 - Gresham 11
BOTTOM OF THE 8TH
Gresham Gold Souls batting - Pitching for Calgary Cowboys : LHP Mario Rosário
Now in LF: Júlio Soto
Batting: RHB Lorenzo Morín 0-0: Called Strike
0-1: Ball
1-1: Ball
2-1: Fly out, F7 (Line Drive, 7M)
Batting: RHB Lorenzo Guzmán 0-0: Ball
1-0: Called Strike
1-1: Foul Ball, location: 2F
1-2: Strikes out swinging
Batting: RHB Claudio Guerra 0-0: Ball
1-0: Ball
2-0: SOLO HOME RUN (Flyball, 7D), Distance : 371 ft
Batting: RHB Pablo Lucero 0-0: Foul Ball, location: 2F
0-1: Ball
1-1: Called Strike
1-2: Ball
2-2: Foul Ball, location: 2F
2-2: Ball
3-2: Base on Balls
Batting: SHB Ryu Kichida 0-0: Ground out U3 (Groundball, 3)
Bottom of the 8th over - 1 run(s), 1 hit(s), 0 error(s), 1 left on base; Calgary 8 - Gresham 12
TOP OF THE 9TH
Calgary Cowboys batting - Pitching for Gresham Gold Souls : RHP Jorge Oliva
Pitching: LHP Pepe Caro
Batting: LHB Freddy Herrera 0-0: Ground out 1-3 (Groundball, 13)
Batting: RHB Jesús Hernández 0-0: Reached on error, E6 (Groundball, 6M)
Batting: RHB Tom Yarbrough 0-0: Called Strike
0-1: Ball
1-1: Ground out 3-1 (Groundball, 34)
Jesús Hernández to second
Batting: RHB Clark Hodge 0-0: Ball
1-0: Foul Ball, location: 2F
1-1: Swinging Strike
1-2: Ball
2-2: Ball
3-2: Foul Ball, location: 2F
3-2: Base on Balls
Batting: RHB Mike Wilcox 0-0: Called Strike
0-1: Ball
1-1: Ball
2-1: Foul Ball, location: 2F
2-2: Ground out 5-3 (Groundball, 5)
Top of the 9th over - 0 run(s), 0 hit(s), 1 error(s), 2 left on base; Calgary 8 - Gresham 12
This league is powered by Out of the Park Baseball, the baseball management simulation game for PC, Mac and Linux
Saturday, April 9th, 2016 - OOTP Baseball 16.8 Build 38